 Dungeon Crawl Stone Soup version 0.19-a0-573-g76d9b52 (webtiles) character file.

13622 AlphabetPasta the Cruncher (level 11, -2/97 HPs)
             Began as a Minotaur Gladiator on June 8, 2016.
             Was an Elder of Hepliaklqana.
             Slain by a bone dragon (19 damage)
             ... on level 2 of the Abyss.
             The game lasted 00:59:55 (9168 turns).

AlphabetPasta the Cruncher (Minotaur Gladiator)     Turns: 9168, Time: 00:59:56

Health: -2/97      AC: 19    Str: 20    XL:     11   Next: 78%
Magic:  10/10      EV: 11    Int:  5    God:    Hepliaklqana [****..]
Gold:   525        SH:  0    Dex: 14    Spells: 0 memorised, 10 levels left

rFire  . . .     SeeInvis +     a - +2 quarterstaff (pain)
rCold  + . .     Gourm    .     u - +0 plate armour
rNeg   . . .     Faith    .     (shield currently unavailable)
rPois  .         Spirit   .     c - +0 hat
rElec  .         Dismiss  .     h - +1 cloak
rCorr  .         Reflect  .     U - +0 pair of gloves
SustAt .         Harm     .     J - +0 pair of boots
MR     .....                    k - amulet of regeneration
Stlth  ..........               I - ring of protection from cold
                                M - ring of see invisible

@: not resistant to hostile enchantments, extremely unstealthy
A: retaliatory headbutt, horns 2
a: Recall Ancestor, Ancestor Identity, Transference, Idealise, Renounce Religion


You were on level 2 of the Abyss.
You worshipped Hepliaklqana.
Hepliaklqana was greatly pleased with you.
You were not hungry.

You visited 2 branches of the dungeon, and saw 12 of its levels.
You visited the Abyss 2 times.
You also visited: Ossuary.

You collected 609 gold pieces.
You spent 84 gold pieces at shops.

Inventory:

Hand Weapons
 a - a +2 quarterstaff of pain (weapon)
 b - a +0 blowgun
 t - a +2 quarterstaff of chaos
 G - a +1 quarterstaff
Missiles
 d - 2 throwing nets
 j - 7 needles of frenzy
 n - 51 poisoned needles
 D - 3 curare-tipped needles
 Q - 25 bolts
 R - 2 javelins (quivered)
Armour
 c - a +0 hat (worn)
 h - a +1 cloak (worn)
 u - a +0 plate armour (worn)
 J - a +0 pair of boots (worn)
 T - a +0 leather armour
 U - a +0 pair of gloves (worn)
Jewellery
 k - an amulet of regeneration (around neck)
 F - an uncursed amulet of faith {unknown}
 I - a ring of protection from cold (right hand)
 M - a ring of see invisible (left hand)
Wands
 x - a wand of polymorph (16/24)
 y - a wand of slowing (46/48)
 L - a wand of acid (0/15)
Scrolls
 g - 6 scrolls of remove curse
 p - a scroll of recharging
 r - 3 scrolls of teleportation
 H - 2 scrolls of blinking
 K - 3 scrolls of enchant weapon
 O - a scroll of magic mapping
 V - a scroll of fear
Potions
 e - 3 potions of curing
 l - 6 potions of magic
 m - a potion of cure mutation
 q - a potion of brilliance
 s - 2 potions of invisibility
 w - a potion of haste {unknown}
 z - a potion of mutation {unknown}
 B - a potion of cancellation {unknown}
 C - 3 potions of ambrosia
 E - 3 potions of flight
 X - a potion of might {unknown}
Comestibles
 f - 8 bread rations
 v - 10 royal jellies
 N - 3 beef jerkies
 P - a meat ration


   Skills:
 + Level 9.5 Fighting
 * Level 13.3 Staves
 + Level 8.1 Throwing
 + Level 9.2 Armour
 + Level 9.4 Dodging


You had 10 spell levels left.
You didn't know any spells.

Dungeon Overview and Level Annotations

Branches:
Dungeon (11/15)            Temple (1/1) D:6            Lair (0/8) D:9
    Orc (0/2) D:10

Altars:
Ashenzari
Cheibriados
Dithmenos
Elyvilon
Fedhas
Gozag
Hepliaklqana
Kikubaaqudgha
Makhleb
Nemelex Xobeh
Okawaru
Pakellas
Qazlal
Ru
Sif Muna
Trog
Uskayaw
Vehumet
Xom
Yredelemnul
Zin
The Shining One

Shops:
D:8 [   D:9 ?

Annotations:
D:11 Sonja


Innate Abilities, Weirdness & Mutations

You reflexively headbutt those who attack you in melee.
You have a pair of horns on your head.


Message History

The bone dragon is moderately damaged.
Sinnashi hits the bone dragon but does no damage.
You thump the bone dragon!
The bone dragon is moderately damaged.
The bone dragon bites you but does no damage.
The bone dragon claws you but does no damage.
The bone dragon tramples you!
You hold your ground!
You hit the bone dragon.
The bone dragon is moderately damaged.
Sinnashi hits the bone dragon with a quarterstaff!
You hit the bone dragon but do no damage.
You headbutt the bone dragon!
The bone dragon is heavily damaged.
The bone dragon bites you!!
* * * LOW HITPOINT WARNING * * *
The bone dragon completely misses you.
The bone dragon tramples you but does no damage.
Sinnashi hits the bone dragon with a quarterstaff.
You feel better. The bone dragon bites you!!
You die...

.. # # ## #...#.#
### . . ##. .##. .
. # . .... ## # #
# # ..... .. # ##
#####... )#.. # #
#.##... ..#.#.# #
###....###.... # .
#.
##.....#....##....
.#
.#.#.#@DR........#
.. ###.#ยง##...#.
# #.#.##. ..## #.
.... # . .. ### .#
....... ## ..#
..#..#..#. ### ##
.#.... # . ###. .
#.


You could see a bone dragon and the friendly Sinnashi the battlemage.

Vanquished Creatures
  A lich (Abyss:2)
  A wretched star (Abyss:2)
  A large abomination (Abyss:2)
  A worldbinder (Abyss:2)
  Joseph (D:7)
  A centaur zombie (D:10)
  Psyche (D:11)
  A troll (D:10)
  The ghost of AlphabetPasta the Sneak, an amateur MfAs of Dithmenos (D:4)
  A raiju (Abyss:2)
  A wyvern (D:10)
  2 wraiths
  Duvessa (D:7)
  6 orc warriors
  4 phantoms
  A sky beast (D:9)
  2 black bears
  5 ice beasts
  3 ogres
  2 centaurs
  2 crocodiles (D:9)
  An elf zombie (Ossuary)
  A big kobold (D:10)
  2 giant frogs
  A gnoll sergeant (D:9)
  Dowan (D:7)
  A water moccasin skeleton (D:9)
  2 scorpions
  6 killer bees
  A vampire bat (D:5)
  12 wights
  3 crimson imps
  2 giant frog zombies (D:5)
  A quasit (D:9)
  Crazy Yiuf (D:2)
  5 hounds
  4 jellies
  A giant frog skeleton (D:5)
  4 orc priests
  3 iguanas
  Ijyb (D:3)
  9 orc wizards
  2 worker ants (D:7)
  Natasha (thrice) (D:3)
  A hound skeleton (D:5)
  4 mummies
  Robin (D:3)
  3 worker ant zombies (D:5)
  7 gnolls
  14 adders
  A river rat (D:9)
  2 shadow imps
  3 oozes (D:9)
  3 adder skeletons (D:5)
  An adder zombie (D:5)
  2 worms
  3 dart slugs (D:2)
  3 fire bats (D:5)
  4 giant geckos
  23 orcs
  2 spectral bats (D:5)
  A bat skeleton (D:5)
  A bat zombie (D:5)
  5 giant cockroaches
  19 goblins
  15 hobgoblins
  11 jackals
  A quokka (D:7)
  A ball python (D:3)
  15 bats
  A bat simulacrum (D:5)
  A giant gecko skeleton (D:5)
  2 giant gecko zombies (D:5)
  3 giant newts
  A goblin zombie (Ossuary)
  2 hobgoblin zombies (Ossuary)
  13 kobolds
  A kobold zombie (Ossuary)
  An orc zombie (Ossuary)
  7 rats
  A fungus (D:9)
285 creatures vanquished.

Vanquished Creatures (collateral kills)
  Fannar (D:11)
  An ancient zyme (Abyss:2)
  A raiju (Abyss:2)
  A wraith (D:10)
  2 yaks (D:9)
  A hippogriff (D:8)
  A warg (D:10)
  2 sky beasts
  A phantom (D:9)
  A small abomination (Abyss:2)
  An ogre (D:9)
  A big kobold (D:8)
  A wyvern zombie (D:8)
  A wyvern skeleton (D:9)
  A scorpion (D:8)
  3 killer bees
  A wight (D:10)
  A jelly (D:9)
  An orc priest (D:10)
  A hound (D:8)
  A giant frog skeleton (D:7)
  5 orc wizards
  4 worker ants
  3 worker ant zombies
  2 gnolls (D:9)
  A river rat (D:9)
  2 oozes (D:9)
  An adder zombie (D:7)
  An adder skeleton (D:5)
  A worm (D:9)
  A giant gecko (D:8)
  11 orcs
  8 bats
  2 bat skeletons (D:5)
  A gnoll zombie (Ossuary)
  A quokka (D:10)
  3 kobolds
  7 rats (D:9)
79 creatures vanquished.

Vanquished Creatures (others)
  A storm dragon simulacrum (Abyss:2)
  A small abomination (Abyss:2)
  3 battlemagi
  An ancestor (Ossuary)
  A hobgoblin zombie (Ossuary)
  A fungus (D:9)
8 creatures vanquished.

Grand Total: 372 creatures vanquished

Notes
Turn   | Place    | Note
--------------------------------------------------------------
     0 | D:1      | AlphabetPasta the Minotaur Gladiator began the quest for the Orb.
     0 | D:1      | Reached XP level 1. HP: 18/18 MP: 0/0
   233 | D:1      | Reached XP level 2. HP: 19/25 MP: 1/1
   881 | D:2      | Reached skill level 4 in Staves
   918 | D:2      | Reached skill level 1 in Armour
   939 | D:2      | Found a sparkling altar of Nemelex Xobeh.
   941 | D:2      | Reached XP level 3. HP: 30/31 MP: 2/2
  1260 | D:2      | Noticed Crazy Yiuf
  1266 | D:2      | Killed Crazy Yiuf
  1266 | D:2      | Reached XP level 4. HP: 38/38 MP: 3/3
  1525 | D:2      | Found a blossoming altar of Fedhas.
  1527 | D:2      | Found an ancient bone altar of Kikubaaqudgha.
  1721 | D:3      | Found a shattered altar of Ashenzari.
  1730 | D:3      | Reached XP level 5. HP: 45/45 MP: 4/4
  1796 | D:3      | Noticed Natasha
  1798 | D:3      | Killed Natasha
  1916 | D:3      | Noticed Natasha
  1926 | D:3      | Reached skill level 5 in Staves
  1991 | D:3      | Noticed Robin
  2013 | D:3      | Killed Robin
  2148 | D:3      | Killed Natasha
  2148 | D:3      | Reached XP level 6. HP: 50/52 MP: 5/5
  2196 | D:3      | Noticed Ijyb
  2207 | D:3      | Killed Ijyb
  2313 | D:3      | Noticed Natasha
  2319 | D:3      | Killed Natasha
  2635 | D:4      | Found a radiant altar of Vehumet.
  2677 | D:4      | Found a snail-covered altar of Cheibriados.
  2709 | D:4      | Found a hide-covered altar of Uskayaw.
  2734 | D:4      | Reached skill level 6 in Staves
  3006 | D:4      | Noticed AlphabetPasta's ghost (amateur MfAs)
  3026 | D:4      | Killed AlphabetPasta's ghost
  3026 | D:4      | Reached XP level 7. HP: 48/60 MP: 6/6
  3135 | D:5      | Entered Level 5 of the Dungeon
  3191 | D:4      | Reached skill level 5 in Fighting
  3191 | D:4      | Reached skill level 5 in Dodging
  3225 | D:5      | Reached skill level 7 in Staves
  3246 | D:5      | Found a hazy altar of Hepliaklqana.
  3252 | D:5      | Became a worshipper of Hepliaklqana
  3309 | D:5      | Reached XP level 8. HP: 57/68 MP: 7/7
  3374 | D:5      | Found a basalt altar of Yredelemnul.
  3376 | D:5      | Noticed a profane servitor
  3390 | D:5      | Found a glowing golden altar of the Shining One.
  3392 | D:5      | Noticed an angel
  3520 | D:5      | Found a sacrificial altar of Ru.
  3890 | D:5      | Found a burning altar of Makhleb.
  3894 | D:5      | Reached skill level 8 in Staves
  4045 | D:6      | Found a staircase to the Ecumenical Temple.
  4077 | D:6      | Reached skill level 5 in Throwing
  4077 | D:6      | Reached skill level 5 in Armour
  4101 | D:6      | Found a sand-covered staircase.
  4112 | Ossuary  | Entered an ossuary
  4112 | Ossuary  | Reached * piety under Hepliaklqana
  4761 | D:6      | Reached XP level 9. HP: 78/78 MP: 8/8
  4795 | D:6      | Reached skill level 9 in Staves
  5119 | Temple   | Entered the Ecumenical Temple
  5393 | D:7      | Found a shimmering altar of Xom.
  5487 | D:7      | Noticed Joseph
  5490 | D:7      | Noticed Duvessa
  5493 | D:7      | Noticed Dowan
  5497 | D:7      | Killed Joseph
  5497 | D:7      | Reached skill level 10 in Staves
  5509 | D:7      | Killed Duvessa
  5523 | D:7      | Killed Dowan
  6050 | D:8      | Reached ** piety under Hepliaklqana
  6051 | D:8      | Remembered your ancestor Sinnashi as a battlemage
  6112 | D:8      | Reached XP level 10. HP: 54/86 MP: 9/9
  6389 | D:8      | Found Gacromaesk's Armour Boutique.
  6666 | D:8      | Found a shadowy altar of Dithmenos.
  6967 | D:9      | Found Xoamuosk's Magic Scroll Shoppe.
  7043 | D:9      | Reached skill level 11 in Staves
  7055 | D:9      | Bought a scroll of identify for 28 gold pieces
  7055 | D:9      | Bought 2 scrolls of identify for 56 gold pieces
  7071 | D:9      | Found a staircase to the Lair.
  7229 | D:9      | Found a snail-covered altar of Cheibriados.
  7491 | D:9      | Reached *** piety under Hepliaklqana
  7692 | D:9      | Found an iron altar of Okawaru.
  7874 | D:10     | Entered Level 10 of the Dungeon
  7962 | D:10     | Found a staircase to the Orcish Mines.
  8086 | D:10     | Reached skill level 12 in Staves
  8252 | D:10     | Reached XP level 11. HP: 85/95 MP: 10/10
  8541 | D:11     | Noticed Sonja
  8545 | D:11     | Cast into level 2 of the Abyss (Sonja)
  8558 | Abyss:2  | Noticed a lich
  8561 | Abyss:2  | Found a corrupted altar of Lugonu.
  8610 | Abyss:2  | Reached **** piety under Hepliaklqana
  8627 | Abyss:2  | Noticed a large abomination
  8641 | Abyss:2  | Killed a large abomination
  8648 | Abyss:2  | Noticed a shadow wraith
  8649 | Abyss:2  | Noticed a shadow wraith
  8704 | Abyss:2  | Noticed a wretched star
  8716 | Abyss:2  | Killed a wretched star
  8836 | Abyss:2  | Noticed a lich
  8849 | Abyss:2  | Killed a lich
  8849 | Abyss:2  | Reached skill level 13 in Staves
  8853 | D:11     | Escaped the Abyss
  8952 | D:11     | Noticed Psyche
  8965 | D:11     | Killed Psyche
  8976 | D:11     | Noticed Fannar
  8991 | D:11     | Killed Fannar
  9008 | D:11     | Cast into level 2 of the Abyss (Sonja)
  9008 | Abyss:2  | Found a corrupted altar of Lugonu.
  9142 | Abyss:2  | Noticed a bone dragon
  9168 | Abyss:2  | Slain by a bone dragon

Vault maps used:
D:1:      roderic_crossed_star, kennysheep_nondescript
D:2:      grunt_temple_overflow_growth_and_decay, old_standard_altar,
          uniq_crazy_yiuf_cottage
D:3:      kennysheep_goblin_castle, evilmike_ruin_ashenzari, uniq_natasha,
          uniq_robin
D:4:      kennysheep_little_box, nicolae_overflow_hidden_temple,
          kennysheep_mini_moat, first_bread
D:5:      grunt_temple_overflow_holy_war, makhleb_blood_cavern_becter,
          lemuel_doored_altar, old_standard_altar, serial_undead,
          serial_undead_e, serial_undead_a, serial_undead_f, serial_undead_a,
          serial_undead_e, serial_undead_f, serial_undead_a, dk_noncrumbling_4,
          goddamned_bats
D:6:      minmay_temple_entry_glassed_door, gup_ossuary_entry_pyramid
D:7:      kennysheep_mini, uniq_joseph, uniq_duvessa
D:8:      lemuel_round_altar, serial_shops, shop
D:9:      kennysheep_ambush_hall, marbit_many_paths,
          grunt_lair_entry_orc_guard_hut, serial_shops, shop,
          hangedman_little_slice_of_home, cheibrodos_worm_habitat
D:10:     erik_orc_4
D:11:     moated_statue, uniq_fannar, uniq_sonja, uniq_psyche
Temple:   cyrus_temple_forest_13
Ossuary:  ossuary_kennysheep_city_of_the_dead

Skill      XL: |  1  2  3  4  5  6  7  8  9 10 11 |
---------------+----------------------------------+-----
Fighting       | 3 4 5 6 7 8 9 |  9.5
Staves         | 4 5 6 7 8 10 12 13 | 13.3
Armour         | 1 2 3 4 5 6 8 9 |  9.2
Dodging        | 4 5 7 8 9 |  9.4
Throwing       | 3 4 5 6 7 8 |  8.1

Action                   |  1- 3 |  4- 6 |  7- 9 | 10-12 || total
-------------------------+-------+-------+-------+-------++-------
Melee: Quarterstaff      |    70 |   110 |   251 |   346 ||   777
       Headbutt          |    13 |    12 |    54 |    77 ||   156
       Unarmed           |       |     1 |       |       ||     1
Throw: Throwing net      |     2 |       |       |     1 ||     3
       Tomahawk          |       |    11 |       |       ||    11
       Javelin           |       |     2 |    32 |    53 ||    87
Invok: Recall Ancestor   |       |       |     2 |     1 ||     3
       Ancestor Life: Ba |       |       |     1 |       ||     1
Evoke: Wand              |       |       |       |     4 ||     4
  Use: Scroll            |       |    11 |    10 |     6 ||    27
       Potion            |       |       |     2 |     7 ||     9
 Stab: Held in net/web   |     2 |       |       |       ||     2
       Paralysed         |       |     7 |       |       ||     7
       Petrifying        |       |       |     3 |       ||     3
       Distracted        |       |       |     2 |     5 ||     7
       Confused          |       |       |     2 |       ||     2
  Eat: Chunk             |     1 |     6 |     4 |     7 ||    18
       Meat ration       |       |       |     1 |       ||     1
       Pizza             |       |       |       |     2 ||     2
       Fruit             |       |       |       |     4 ||     4
Armor: Leather armour    |     4 |       |       |       ||     4
       Scale mail        |    17 |    23 |     1 |       ||    41
       Plate armour      |       |       |   137 |   219 ||   356
Dodge: Dodged            |    22 |    54 |   103 |   195 ||   374
